 Dungeon Crawl Stone Soup version 0.25-a0-426-g7d9e569eea (webtiles) character file.

Game seed: 4235257779497305134, levelgen mode: deterministic

658 Laukis the Ruffian (level 7, -6/52 HPs)
             Began as a Grey Draconian Transmuter on Jan 25, 2020.
             Was a Follower of Elyvilon.
             Killed by divine providence
             ... invoked by an orc priest
              (10 damage)
             ... on level 4 of the Dungeon.
             The game lasted 00:19:10 (5855 turns).

Laukis the Ruffian (Grey Draconian Transmuter)      Turns: 5855, Time: 00:19:11

Health: -6/52      AC: 16    Str: 13    XL:     7   Next: 29%
Magic:  0/10       EV: 12    Int: 17    God:    Elyvilon [*.....]
Gold:   203        SH:  0    Dex: 15    Spells: 9/10 levels left

rFire    + . .     SeeInvis .   s - +5 whip "Xoluxt" {vorpal, rC- rN+ Int+2}
rCold    . . .     Gourm    .   (no shield)
rNeg     + . .     Faith    .   (armour unavailable)
rPois    .         Spirit   +   (helmet restricted)
rElec    .         Reflect  .   x - scarf {rC+ rF+}
rCorr    .         Harm     .   p - +0 pair of gloves
MR       .....                  i - +0 pair of boots
Stlth    +.........             l - amulet of guardian spirit
HPRegen  0.17/turn              g - +4 ring of dexterity
MPRegen  0.12/turn              w - +3 ring of protection

@: no status effects
A: walk through water, unfitting armour, unbreathing, cold-blooded, AC +11
a: Lesser Healing, Divine Protection, Renounce Religion


You were on level 4 of the Dungeon.
You worshipped Elyvilon.
Elyvilon was aware of your devotion.
You were hungry.

You visited 2 branches of the dungeon, and saw 7 of its levels.

You collected 203 gold pieces.

Inventory:

Hand Weapons
 s - the +5 whip "Xoluxt" (weapon) {vorpal, rC- rN+ Int+2}
   (You found it on level 4 of the Dungeon)

   It inflicts extra damage upon your enemies.
   It affects your intelligence (+2).
   It makes you vulnerable to cold.
   It protects you from negative energy.
Missiles
 a - 55 arrows
Armour
 d - the +6 fire dragon scales of the Cockatrice {rF++ rC- rN+ Slay+5 Stlth+, unknown}
   (You found it on level 6 of the Dungeon)

   It affects your accuracy and damage with ranged weapons and melee attacks
   (+5).
   It greatly protects you from fire.
   It makes you vulnerable to cold.
   It protects you from negative energy.
   It makes you more stealthy.
 i - a +0 pair of boots (worn)
 p - a +0 pair of gloves (worn)
 x - a scarf of resistance (worn)
Jewellery
 g - a +4 ring of dexterity (left hand)
 l - an amulet of guardian spirit (around neck)
 w - a +3 ring of protection (right hand)
Scrolls
 f - 2 scrolls of teleportation {unknown}
 h - 2 scrolls of enchant weapon {unknown}
 k - 2 scrolls of enchant armour {unknown}
 n - 4 scrolls of remove curse
 o - a scroll of identify
 r - 4 scrolls of fog {unknown}
 u - a scroll of random uselessness {unknown}
Potions
 b - a potion of flight {unknown}
 e - 2 potions of brilliance
 j - a potion of magic {unknown}
 m - a potion of agility {unknown}
 q - a potion of curing {unknown}
 z - 2 potions of lignification
Comestibles
 c - 11 rations


   Skills:
 + Level 1.1 Fighting
 * Level 0.0 Maces & Flails
 - Level 2.0 Dodging
 - Level 6.3 Unarmed Combat
 + Level 2.1 Spellcasting
 + Level 5.8 Transmutations


You had 9 spell levels left.
You knew the following spells:

 Your Spells              Type           Power        Failure   Level  Hunger
a - Beastly Appendage     Tmut           ###...       1%          1    #......

Your spell library contained the following spells:

 Spells                   Type           Power        Failure   Level  Hunger
 Sticks to Snakes         Tmut           ###.....     2%          2    ###....
 Spider Form              Tmut/Pois      ##........   17%         3    ###....
 Blade Hands              Tmut           ###.......   43%         5    ######.
 Ice Form                 Ice/Tmut       ##......     50%         4    #####..


Dungeon Overview and Level Annotations

Branches:
Dungeon (6/15)             Temple (1/1) D:6

Altars:
Ashenzari
Cheibriados
Dithmenos
Elyvilon
Fedhas
Gozag
Kikubaaqudgha
Makhleb
Okawaru
Qazlal
Ru
Sif Muna
Trog
Uskayaw
Vehumet
Wu Jian
Xom
Yredelemnul
The Shining One

Shops:
D:5 (


Innate Abilities, Weirdness & Mutations

You can walk through water.
Your dull iron-grey scales are very hard. (AC +11)
You cannot fit into any form of body armour.
You can survive without breathing.
You are cold-blooded and may be slowed by cold attacks.


Message History

You completely miss something.
Your tail-slap misses something.
Something hits you but does no damage.
You feel less confused.
The orc throws a boomerang.
The boomerang barely misses you.
The weapon returns to the orc!
An orc wizard appears from thin air!
Reactivating autopickup.
The orc priest invokes the aid of Beogh against you.
Beogh smites you!
* * * LOW HITPOINT WARNING * * *
The orc priest mumbles some strange prayers to Beogh against you.
Beogh smites you!
* * * LOW HITPOINT WARNING * * *
The orc wizard casts a spell.
The orc wizard blinks!
The orc wizard gestures at you while chanting.
The puff of flame misses you.
The orc priest calls down the wrath of Beogh upon you.
Beogh smites you!
You die...

###..###........# !...
...)............# ##.####
##...###......(.# ##...##. ##..)#
#........# #.....#o
..)############## #...o...
.##..........## ##.......
.#............## #######o.......
...)...........####oZ.oo.....⌠...
#...............@.o.#####........
#..............########..........
#..............######...##..._..(
#..............##.....## ###...##
##....................# ##.###
##..........###......# #.##
#######..### #.#..#.# #..# ...##
#.#.##.## ##.##
#########.#.##>.### #..#


You could see an orc priest, 2 orc wizards, an orc and a jackal skeleton.

Vanquished Creatures
  A sky beast (D:5)
  A phantom (D:6)
  An ice beast (D:5)
  A scorpion (D:5)
  A crimson imp (D:2)
  2 hounds (D:6)
  2 orc priests
  An orc wizard (D:5)
  8 adders
  A shadow imp (D:6)
  An ooze (D:2)
  An adder zombie (D:5)
  2 worms (D:2)
  A dart slug (D:1)
  4 leopard geckos
  5 orcs
  8 bats
  2 giant cockroaches
  9 goblins
  10 hobgoblins
  5 jackals
  A quokka (D:3)
  A ball python (D:2)
  5 frilled lizards
  9 kobolds
  9 rats
92 creatures vanquished.

Notes
Turn   | Place    | Note
-------+----------+-------------------------------------------
     0 | D:1      | Laukis the Draconian Transmuter began the quest for the
                  | Orb.
     0 | D:1      | Reached XP level 1. HP: 16/16 MP: 3/3
   287 | D:1      | Reached XP level 2. HP: 23/23 MP: 5/5
  1284 | D:1      | You fall into a shaft and drop 1 floor!
  1340 | D:2      | Reached XP level 3. HP: 27/28 MP: 4/6
  1367 | D:2      | Reached skill level 4 in Unarmed Combat
  1467 | D:2      | Reached XP level 4. HP: 35/35 MP: 7/7
  3143 | D:3      | You fall into a shaft and drop 3 floors!
  3153 | D:6      | Reached XP level 5. HP: 24/40 MP: 1/8
  3465 | D:6      | Got scorched fire dragon scales
  3469 | D:6      | Found a staircase to the Ecumenical Temple.
  3469 | D:6      | Noticed an ice beast
  3529 | D:6      | Noticed a phantom
  3566 | D:6      | Killed a phantom
  3566 | D:6      | Reached skill level 5 in Unarmed Combat
  3566 | D:6      | Reached XP level 6. HP: 27/47 MP: 3/9
  3730 | Temple   | Entered the Ecumenical Temple
  3938 | Temple   | Became a worshipper of Elyvilon the Healer
  3960 | D:5      | Entered Level 5 of the Dungeon
  4124 | D:5      | Noticed an ice beast
  4149 | D:5      | Killed an ice beast
  4149 | D:5      | Reached skill level 5 in Transmutations
  4387 | D:5      | Found Quweny's Antique Weapon Shoppe.
  4397 | D:5      | Noticed a sky beast
  4412 | D:5      | Killed a sky beast
  4412 | D:5      | Reached skill level 6 in Unarmed Combat
  4412 | D:5      | Your scales start taking on a dull iron-grey colour.
  4412 | D:5      | Reached XP level 7. HP: 44/52 MP: 8/10
  4412 | D:5      | Gained mutation: You can survive without breathing. [Grey
                  | Draconian growth]
  4462 | D:5      | Found a hide-covered altar of Uskayaw.
  4463 | D:5      | Noticed a +0 dagger
  4463 | D:5      | Noticed a +0 hand axe
  5024 | D:3      | Reached * piety under Elyvilon
  5736 | D:4      | Found an opulent altar of Gozag.
  5738 | D:4      | Found a bloodstained altar of Trog.
  5746 | D:4      | Got a steaming whip
  5747 | D:4      | Identified the +5 whip "Xoluxt" {vorpal, rC- rN+ Int+2}
                  | (You found it on level 4 of the Dungeon)
  5782 | D:4      | Found an iron altar of Okawaru.
  5788 | D:4      | Found a shadowy altar of Dithmenos.
  5847 | D:4      | HP: 2/52 [orc priest/divine providence (9)]
  5855 | D:4      | Killed from afar by an orc priest

Levels and vault maps discovered:
D:1:      dpeg_arrival_tiny_a, layout_basic, minmay_tromino_v4_c
D:2:      layout_loops_ring, first_ration
D:3:      layout_rooms
D:4:      layout_rooms, chequers_temple_overflow_statue_of_worship,
          grunt_temple_overflow_open, chequers_serial_rivers_micro_d,
          corner_web_ring, uniq_menkaure, uniq_natasha
D:5:      layout_basic, dancing_weapons_uskayaw, gup_sewer_entry_bowl,
          serial_shops, nicolae_shop_crystal, grunt_ministairs_4
D:6:      layout_loops_corners, overflow_temple_1_default,
          minmay_temple_entry_statues_fountains, serial_shops,
          nicolae_shop_statue_plus, nicolae_shop_competitors_out_of_business,
          minmay_misc_feat_four_crosses
Temple:   eino_narrow_crystal_temple

Skill      XL: |  1  2  3  4  5  6 |
---------------+-------------------+-----
Dodging        | 2 |  2.0
Transmutations | 3 4 5 |  5.8
Unarmed Combat | 4 5 6 |  6.3
Fighting       | |  1.1
Spellcasting   | |  2.1

Action                   |  1- 3 |  4- 6 |  7- 9 || total
-------------------------+-------+-------+-------++-------
Melee: Unarmed           |    85 |   192 |   110 ||   387
       Tailslap          |     5 |    30 |    16 ||    51
       Headbutt          |     2 |    13 |     1 ||    16
       Punch             |     3 |     5 |       ||     8
       Whip              |       |       |    18 ||    18
 Cast: Beastly Appendage |     5 |     8 |     2 ||    15
  Use: Scroll            |       |     4 |     2 ||     6
 Stab: Sleeping          |       |     3 |       ||     3
       Distracted        |       |     1 |       ||     1
  Eat: Chunk             |     2 |     7 |     3 ||    12
       Ration            |       |     1 |       ||     1
Armor: Skin              |    17 |    71 |    59 ||   147
Dodge: Dodged            |    40 |   115 |    51 ||   206

Table legend:
 A = Non-vault XP
 B = Vault XP
 C = Vault XP percentage of total XP
 D = Non-vault monster count
 E = Vault monster count
 F = Vault count percentage of total count
                 A         B        C        D         E       F
            +---------+---------+-------+---------+---------+-------
      Total |     937 |       3 |   0.3 |      91 |       1 |   1.1
            +---------+---------+-------+---------+---------+-------
        D:1 |      28 |       0 |   0.0 |      16 |       0 |   0.0
        D:2 |     155 |       0 |   0.0 |      33 |       0 |   0.0
        D:3 |      47 |       0 |   0.0 |      19 |       0 |   0.0
        D:4 |      72 |       0 |   0.0 |       8 |       0 |   0.0
        D:5 |     398 |       3 |   0.7 |       9 |       1 |  10.0
        D:6 |     237 |       0 |   0.0 |       6 |       0 |   0.0
            +---------+---------+-------+---------+---------+-------
